 Dungeon Crawl Stone Soup version 0.25.1-2-g60ff931df9 (webtiles) character file.

Game seed: 10281782109036929808

176711 Qrupt the Warrior (level 17, -1/185 HPs)
             Began as a Naga Ice Elementalist on Oct 23, 2020.
             Was the Champion of Cheibriados.
             Slain by a seven-headed hydra simulacrum (9 damage)
             ... on level 4 of the Swamp on Oct 24, 2020.
             The game lasted 02:39:34 (33599 turns).

Qrupt the Warrior (Naga Ice Elementalist)          Turns: 33599, Time: 02:39:35

Health: -1/185     AC: 42    Str: 37    XL:     17   Next: 84%
Magic:  11/35      EV: 13    Int: 45    God:    Cheibriados [******]
Gold:   1371       SH:  0    Dex: 22    Spells: 10/45 levels left

rFire    . . .     SeeInvis +   P - +2 glaive (flame)
rCold    . . .     Gourm    .   (shield currently unavailable)
rNeg     + + .     Faith    .   K - +10 Cigotuvi's embrace {rRot *Drain rN+}
rPois    +         Spirit   .   x - +0 helmet "Hobrun" {Regen+ Str+5}
rElec    .         Reflect  .   r - +0 cloak (curse)
rCorr    .         Harm     .   O - +2 pair of gloves
MR       ++...                  y - +2 naga barding of Midnight {rN+ Int+7 Dex-4 Stlth+}
Stlth    ++++++....             D - amulet of Vitality {Regen+ HP+15}
HPRegen  1.20/turn              W - ring of wizardry
MPRegen  0.24/turn              F - +6 ring of strength

@: icy armour, very slow
A: large, see invisible, deformed body, poison resistance, slowness 2, slow
metabolism 1, spit poison 1, constrict 1, AC +5
}: 1/15 runes: serpentine
a: Spit Poison, Bend Time, Temporal Distortion, Slouch, Step From Time, Renounce
Religion


You were on level 4 of the Swamp.
You worshipped Cheibriados.
Cheibriados was exalted by your worship.
You were not hungry.

You visited 5 branches of the dungeon, and saw 27 of its levels.
You also visited: Volcano.

You collected 2240 gold pieces.
You spent 869 gold pieces at shops.

Inventory:

Hand Weapons
 P - a +2 glaive of flaming (weapon)
Missiles
 B - a throwing net (quivered)
Armour
 r - a cursed +0 cloak (worn)
 v - a +0 animal skin
 w - the +2 robe of Subjectivity {rElec rPois Slay-3}
   (You bought it in a shop on level 4 of the Snake Pit)

   It affects your accuracy and damage with ranged weapons and melee attacks
   (-3).
   It insulates you from electricity.
   It protects you from poison.
 x - the +0 helmet "Hobrun" (worn) {Regen+ Str+5}
   (You took it off Robin on level 4 of the Dungeon)

   It affects your strength (+5).
   It increases your rate of regeneration.
 y - the +2 naga barding of Midnight (worn) {rN+ Int+7 Dex-4 Stlth+}
   (You acquired it on level 11 of the Dungeon)

   It affects your intelligence (+7).
   It affects your dexterity (-4).
   It protects you from negative energy.
   It makes you more stealthy.
 E - a +0 buckler
 J - a +0 cloak
 K - the +10 Cigotuvi's embrace (worn) {rRot *Drain rN+}
   (You found it on level 1 of the Swamp)

   It protects you from negative energy.
   It causes draining when unequipped.
 O - a +2 pair of gloves (worn)
Jewellery
 u - an uncursed ring of ice
 C - an uncursed ring of protection from magic
 D - the amulet of Vitality (around neck) {Regen+ HP+15}
   (You found it on level 5 of the Dungeon)

   [amulet of regeneration]

   It affects your health (+15).
   It increases your rate of regeneration.
 F - a +6 ring of strength (right hand)
 G - an uncursed ring of fire
 W - a ring of wizardry (left hand)
Wands
 e - a wand of disintegration (12)
 i - a wand of paralysis (3)
 n - a wand of acid (18)
 M - a wand of polymorph (19)
 Q - a wand of flame (46)
 U - a wand of iceblast (42)
 X - a wand of enslavement (11)
 Y - a wand of digging (5)
 Z - a wand of clouds (18)
Scrolls
 b - 4 scrolls of magic mapping
 d - 7 scrolls of teleportation
 g - 3 scrolls of vulnerability
 h - 3 scrolls of immolation
 k - 7 scrolls of enchant weapon
 l - 5 scrolls of enchant armour
 o - 5 scrolls of amnesia
 s - 14 scrolls of remove curse
 t - 2 scrolls of fear
 z - 2 scrolls of fog
 I - a scroll of silence
 S - 2 scrolls of blinking
 V - a scroll of brand weapon
Potions
 a - a potion of mutation
 f - 11 potions of curing
 j - 4 potions of might
 m - 6 potions of stabbing
 p - a potion of heal wounds
 q - 3 potions of lignification
 A - a potion of resistance
 H - 3 potions of flight
 L - 5 potions of brilliance {unknown}
 R - 2 potions of ambrosia {unknown}
 T - a potion of cancellation
Miscellaneous
 N - a phial of floods
Comestibles
 c - 50 rations


   Skills:
 + Level 15.5 Fighting
 - Level 5.0 Polearms
 + Level 6.3 Armour
 + Level 6.3 Dodging
 - Level 10.0 Stealth
 + Level 14.5 Spellcasting
 + Level 9.2 Summonings
 - Level 6.0 Necromancy
 - Level 14.3 Ice Magic
 + Level 3.3 Air Magic
 - Level 4.0 Invocations


You had 10 spell levels left.
You knew the following spells:

 Your Spells              Type           Power        Failure   Level  Hunger
a - Freeze                Ice            ####         0%          1    None
b - Frozen Ramparts       Ice            ######       0%          3    None
c - Ozocubu's Armour      Chrm/Ice       #######.     1%          3    None
d - Summon Ice Beast      Ice/Summ       #######.     1%          4    None
e - Ice Form              Ice/Tmut       #######.     1%          4    None
f - Apportation           Tloc           ####..       1%          1    None
g - Simulacrum            Ice/Necr       #######...   1%          6    None
h - Summon Hydra          Summ           #######...   6%          7    ##.....
i - Freezing Cloud        Conj/Ice/Air   ######....   4%          6    None

Your spell library contained the following spells:

 Spells                   Type           Power        Failure   Level  Hunger
 Summon Small Mammal      Summ           ####         0%          1    None
 Animate Skeleton         Necr           N/A          1%          1    None
 Beastly Appendage        Tmut           ####..       1%          1    None
 Corona                   Hex            ####...      1%          1    None
 Infusion                 Chrm           ####         1%          1    None
 Corpse Rot               Necr/Air       N/A          1%          2    None
 Ensorcelled Hibernation  Hex/Ice        ######       1%          2    None
 Poisonous Vapours        Pois/Air       #####.       1%          2    None
 Shroud of Golubria       Chrm/Tloc      ####..       1%          2    None
 Song of Slaying          Chrm           ####....     1%          2    None
 Sticks to Snakes         Tmut           ####....     1%          2    None
 Confusing Touch          Hex            ####....     1%          3    None
 Conjure Flame            Conj/Fire      ####....     1%          3    None
 Dazzling Flash           Conj/Hex       ####..       1%          3    None
 Gell's Gravitas          Tloc           ####......   1%          3    None
 Mephitic Cloud           Conj/Pois/Air  #####...     1%          3    None
 Spectral Weapon          Hex/Chrm       ####....     1%          3    None
 Spider Form              Tmut/Pois      ####......   1%          3    None
 Static Discharge         Conj/Air       #####...     1%          3    None
 Stone Arrow              Conj/Erth      ####..       1%          3    None
 Tukima's Dance           Hex            ####....     1%          3    None
 Animate Dead             Necr           N/A          1%          4    None
 Hailstorm                Conj/Ice       #######.     1%          4    None
 Metabolic Englaciation   Hex/Ice        #######...   1%          5    None
 Summon Forest            Summ/Tloc      ######....   1%          5    None
 Borgnjor's Vile Clutch   Necr/Erth      ######....   2%          5    None
 Petrify                  Tmut/Erth      ####....     3%          4    None
 Sticky Flame             Conj/Fire      ####....     3%          4    None
 Lightning Bolt           Conj/Air       #####.....   4%          5    None
 Silence                  Hex/Air        #####.....   4%          5    None
 Blade Hands              Tmut           ####......   10%         5    None
 Yara's Violent Unravell  Hex/Tmut       ####......   10%         5    None
 Conjure Ball Lightning   Conj/Air       #####.....   26%         6    None
 Eringya's Noxious Bog    Tmut/Pois      ####......   45%         6    None
 Hydra Form               Tmut           ####......   45%         6    None
 Ring of Flames           Chrm/Fire      ####......   94%         7    ##.....
 Ignition                 Fire           ####......   100%        8    ####...
 Shatter                  Erth           ####......   100%        9    ######.
 Tornado                  Air            ######....   100%        9    ######.


Dungeon Overview and Level Annotations

Branches:
Dungeon (12/15)            Temple (1/1) D:4            Lair (6/6) D:11
  Swamp (4/4) Lair:3        Snake (4/4) Lair:4        Slime (0/5) Lair:5
    Orc (0/2) D:10        Volcano (visited)

Altars:
Ashenzari
Cheibriados
Dithmenos
Elyvilon
Fedhas
Gozag
Hepliaklqana
Kikubaaqudgha
Makhleb
Nemelex Xobeh
Okawaru
Qazlal
Ru
Sif Muna
Trog
Uskayaw
Vehumet
Wu Jian
Xom
Yredelemnul
Zin
The Shining One
Beogh

Shops:
D:10 (   D:11 *!?%:   Snake:4 ?*%*=

Portals:
Trove: D:12 (give +6 demon trident)

Annotations:
D:12 exclusion: door
Lair:5 exclusion: oklob plant
Swamp:2 2 transporters
Snake:2 1 runed translucent door, Cogidis's ghost, adept TrFi
Snake:4 3 runed translucent doors, Toogi's ghost, adept TeBe; sirjames's ghost, adept GnWz


Innate Abilities, Weirdness & Mutations

You cannot wear boots.
Your serpentine skin is tough. (AC +5)
You have supernaturally acute eyesight. (SInv)
Armour fits poorly on your strangely shaped body.
Your system is resistant to poisons. (rPois)
You cover ground very slowly.
You have a slow metabolism.
You can spit poison.
You can use your snake-like lower body to constrict enemies.


Message History

Your grab misses the thorn hunter.
The thorn hunter is lightly damaged.
The bodies of the dead rush to embrace you!
Your ten-headed hydra disappears in a puff of smoke!
The thorn hunter hits you but does no damage.
The thorn hunter hits you. The thorn hunter closely misses you.
The thorn hunter barely misses you.
The thorn hunter hits you but does no damage.
The thorn hunter hits you!
The seven-headed hydra simulacrum misses you.
The seven-headed hydra simulacrum bites you.
The seven-headed hydra simulacrum freezes you!!
* * * LOW HITPOINT WARNING * * *
The seven-headed hydra simulacrum bites you.
* * * LOW HITPOINT WARNING * * *
The seven-headed hydra simulacrum freezes you!!
* * * LOW HITPOINT WARNING * * *
The seven-headed hydra simulacrum bites you but does no damage.
The seven-headed hydra simulacrum bites you!
You die...

**,≈,≈,,≈,**
*,*,,,≈**,* ♣
**,,♣≈.≈,* *****,≈≈***
**,≈.≈≈** *≈.≈,* ###*
***♣≈.*
*#♣*#.#***##.≈*
♣.≈♣♣*#.#♣≈.# ###≈.♣♣♣
♣≈..≈,.♣....* #≈.≈≈≈..
*♣.≈≈♣≈.≈.♣,*##..≈≈≈≈≈
*#.ff.♣..#*#♣≈≈≈≈≈≈.≈
*#Z@♣..♣*##≈§≈≈≈....
#≈≈.§#*##≈≈.≈≈.≈♣≈≈
#♣≈≈###♣≈≈≈)..♣♣♣♣.
##...#♣≈≈≈≈.♣♣♣ ♣.
♣...≈≈≈.≈≈≈.♣ ♣≈
♣♣..♣.≈.≈≈≈♣♣ ♣♣
♣♣♣♣♣♣♣...♣♣♣♣♣♣♣♣♣
♣≈≈♣≈♣♣≈.♣≈≈≈≈≈♣..≈
♣♣≈§....≈≈≈≈≈≈.♣≈§.


You could see 2 thorn hunters and a seven-headed hydra simulacrum (strong).

Vanquished Creatures
  Saint Roka (Snake:2)
  3 thorn hunters (Swamp:4)
  7 nagarajas
  An entropy weaver (Lair:3)
  2 vampire knights (Swamp:4)
  3 dire elephants (Lair:6)
  9 naga warriors
  6 hydras
  5 ghost crabs
  10 anacondas
  7 naga sharpshooters
  5 death yaks (Lair:6)
  4 alligators
  A spriggan (Swamp:3)
  8 shock serpents
  3 salamander mystics
  4 fire crabs (Lair:3)
  5 sea snakes (Snake:4)
  2 unseen horrors
  A swamp dragon (Swamp:4)
  2 wizards (Volcano)
  4 naga ritualists
  3 mana vipers
  8 salamanders
  A cyclops (D:12)
  6 guardian serpents (Snake:4)
  5 toenail golems (Volcano)
  10 elephants
  8 naga magi
  20 black mambas
  An apocalypse crab (Lair:3)
  12 spiny frogs
  A rime drake (Lair:3)
  9 komodo dragons
  A guardian mummy (D:12)
  A freezing wraith (Swamp:4)
  A queen bee (D:8)
  2 hydra zombies (Swamp:4)
  A death drake zombie (Swamp:4)
  2 tyrant leeches
  5 hornets
  A troll (D:10)
  5 blink frogs
  2 bog bodies (Swamp:2)
  2 hydra skeletons (Swamp:4)
  A death drake skeleton (Swamp:4)
  5 slime creatures
  4 dream sheep (Lair:6)
  4 hippogriffs
  A shadow (Swamp:2)
  A wraith (D:10)
  29 yaks
  A hog (Swamp:2)
  4 basilisks
  A hungry ghost (D:9)
  8 vampire mosquitoes
  2 insubstantial wisps (Swamp:3)
  36 nagas
  A soldier ant (D:12)
  8 swamp worms
  Edmund (D:6)
  9 water moccasins
  2 hydra simulacra (Swamp:4)
  2 porcupines (Lair:4)
  4 ice beasts
  A swamp dragon zombie (Swamp:4)
  4 swamp drakes
  13 orc warriors
  3 necrophages (Swamp:4)
  3 sky beasts
  3 ogres
  12 wolves
  6 centaurs
  12 crocodiles
  2 big kobolds
  7 bullfrogs
  A gnoll sergeant (D:8)
  3 scorpions
  33 killer bees
  A howler monkey (D:10)
  5 crimson imps
  2 bullfrog zombies
  A centaur zombie (D:8)
  4 orc priests
  Crazy Yiuf (D:7)
  A jelly (D:10)
  5 hounds
  A bullfrog skeleton (D:8)
  4 centaur skeletons
  6 iguanas
  12 orc wizards
  9 worker ants
  A killer bee zombie (D:8)
  2 hound skeletons
  Robin (D:4)
  3 howler monkey skeletons
  19 adders
  14 gnolls
  A shadow imp (D:11)
  3 oozes
  3 adder skeletons
  8 worms
  A dart slug (D:2)
  6 leopard geckos
  49 orcs
  5 giant cockroaches
  16 goblins
  10 hobgoblins
  10 jackals
  4 kobolds
  A quokka (D:11)
  3 ball pythons
  10 bats
  6 frilled lizards
  5 rats
  A fungus (Lair:1)
  A plant (Lair:6)
662 creatures vanquished.

Vanquished Creatures (collateral kills)
  Jorgrun (Swamp:2)
  Rupert (Lair:6)
  Kirke (Swamp:2)
  2 nagarajas (Snake:4)
  2 entropy weavers (Lair:3)
  A dire elephant (Lair:6)
  13 hydras
  2 ghost crabs
  Erica (D:11)
  A catoblepas (Lair:2)
  4 naga warriors
  2 shambling mangroves
  5 alligators
  A dancing weapon (Volcano)
  4 two-headed ogres
  8 shock serpents
  8 spriggans
  7 naga sharpshooters
  2 sea snakes (Snake:4)
  5 swamp dragons
  2 wizards (Volcano)
  2 spriggan druids (Swamp:4)
  A phantasmal warrior (Swamp:4)
  2 mana vipers (Snake:3)
  A nameless horror (Swamp:2)
  3 ugly things (Swamp:3)
  4 salamanders
  4 elephants
  7 black mambas
  4 guardian serpents (Snake:4)
  4 naga magi
  A gargoyle (D:12)
  3 spiny frogs
  A komodo dragon (Lair:2)
  A freezing wraith (Swamp:4)
  2 trolls
  Prince Ribbit (D:7)
  A hydra zombie (Swamp:4)
  7 blink frogs
  9 hornets
  A hydra skeleton (Swamp:4)
  2 bog bodies (Swamp:4)
  2 hippogriffs
  9 slime creatures
  6 tyrant leeches
  3 yaks
  A wyvern (Lair:3)
  A vampire (D:11)
  3 hogs (Swamp:2)
  4 vampire mosquitoes
  2 steam dragons
  A hungry ghost (D:11)
  10 swamp worms
  3 insubstantial wisps (Swamp:3)
  16 nagas
  3 hydra simulacra (Swamp:4)
  A water moccasin (Lair:3)
  2 porcupines
  9 swamp drakes
  4 ice beasts
  A sky beast (D:9)
  2 orc warriors
  2 ogres
  6 wolves
  A phantom (D:9)
  2 centaurs
  3 crocodiles
  4 bullfrogs
  6 killer bees
  A bullfrog zombie (D:6)
  2 hounds
  An orc wizard (Snake:2)
  An iguana (Lair:3)
  2 gnolls (D:8)
  3 adders
  2 shadow imps
  5 orcs
  4 kobolds
  A leopard gecko zombie (D:9)
  A butterfly (Lair:2)
  A plant (D:11)
265 creatures vanquished.

Vanquished Creatures (others)
  A wizard (Volcano)
  A black mamba (Snake:4)
  3 humans (Swamp:2)
  4 insubstantial wisps
  2 fungi
  22 plants
33 creatures vanquished.

Grand Total: 960 creatures vanquished

Notes
Turn   | Place    | Note
-------+----------+-------------------------------------------
     0 | D:1      | Qrupt the Naga Ice Elementalist began the quest for the
                  | Orb.
     0 | D:1      | Reached XP level 1. HP: 15/15 MP: 3/3
     1 | D:1      | Noticed an octopode
     3 | D:1      | Noticed a dwarf
     3 | D:1      | Noticed a troll
     5 | D:1      | Noticed a minotaur
     8 | D:1      | Noticed a minotaur
     9 | D:1      | Noticed a naga
    11 | D:1      | Noticed a vine stalker
    11 | D:1      | Noticed a draconian
    15 | D:1      | Noticed a centaur
    15 | D:1      | Noticed an octopode
    17 | D:1      | Noticed a vampire
    17 | D:1      | Noticed a troll
    19 | D:1      | Noticed a vampire
    21 | D:1      | Noticed a formicid
   314 | D:1      | Reached XP level 2. HP: 23/24 MP: 3/5
   569 | D:1      | Reached skill level 1 in Fighting
   695 | D:1      | Reached XP level 3. HP: 30/31 MP: 1/6
  1179 | D:1      | Learned a level 3 spell: Frozen Ramparts
  1599 | D:2      | Noticed a bullfrog
  1604 | D:2      | Killed a bullfrog
  1604 | D:2      | Reached XP level 4. HP: 18/39 MP: 2/8
  1979 | D:2      | Reached skill level 2 in Fighting
  1979 | D:2      | Reached XP level 5. HP: 27/45 MP: 5/9
  2491 | D:2      | Found a glowing golden altar of the Shining One.
  2491 | D:2      | Found an opulent altar of Gozag.
  2808 | D:3      | Learned a level 3 spell: Ozocubu's Armour
  2889 | D:3      | Found a sacrificial altar of Ru.
  2994 | D:3      | Reached skill level 5 in Stealth
  3335 | D:3      | Reached XP level 6. HP: 33/55 MP: 0/10
  3816 | D:4      | You fall into a shaft and drop 2 floors!
  3817 | D:6      | Noticed an ice beast
  3831 | D:6      | Noticed Edmund
  3832 | D:6      | Noticed an ice beast
  3840 | D:6      | Noticed an ice beast
  3927 | D:7      | Noticed an orc warrior
  3953 | D:7      | Reached skill level 5 in Ice Magic
  4012 | D:6      | Found a hide-covered altar of Uskayaw.
  4018 | D:5      | Entered Level 5 of the Dungeon
  4285 | D:4      | Noticed a phantom
  4289 | D:4      | Reached skill level 3 in Fighting
  4388 | D:4      | Found a staircase to the Ecumenical Temple.
  4396 | Temple   | Entered the Ecumenical Temple
  4399 | Temple   | Reached XP level 7. HP: 17/62 MP: 5/12
  4785 | Temple   | Learned a level 4 spell: Summon Ice Beast
  4794 | Temple   | Became a worshipper of Cheibriados the Contemplative
  4981 | D:4      | Identified the Disquisition on the Scorching Glacier
  5227 | D:4      | Found a shadowy altar of Dithmenos.
  5757 | D:4      | Reached * piety under Cheibriados
  5854 | D:4      | Identified the +0 helmet "Hobrun" {Regen+ Str+5}
  5854 | D:4      | Noticed Robin
  5862 | D:4      | Killed Robin
  6250 | D:5      | Reached skill level 1 in Summonings
  6411 | D:5      | Reached ** piety under Cheibriados
  6419 | D:5      | Reached skill level 4 in Fighting
  6433 | D:5      | Reached XP level 8. HP: 10/72 MP: 6/14
  7184 | D:5      | Reached *** piety under Cheibriados
  7228 | D:5      | Reached skill level 1 in Invocations
  7266 | D:5      | Found the amulet of Vitality {Regen+ HP+15}
  7602 | D:6      | Reached skill level 5 in Spellcasting
  7828 | D:6      | Got a warped crystal amulet
  7830 | D:6      | Identified the amulet "Meeleav" {Spirit Int+2 SInv} (You
                  | found it on level 6 of the Dungeon)
  7927 | D:6      | Reached skill level 5 in Fighting
  7999 | D:6      | Killed Edmund
  8246 | D:7      | Reached XP level 9. HP: 81/81 MP: 13/16
  8442 | D:7      | Noticed Prince Ribbit
  8555 | D:7      | Killed Prince Ribbit
  8557 | D:7      | Reached **** piety under Cheibriados
  8705 | D:7      | Found a basalt altar of Yredelemnul.
  8717 | D:7      | Found a stormy altar of Qazlal.
  8719 | D:7      | Found an ornate altar of the Wu Jian Council.
  8793 | D:7      | Found a runed translucent door.
  8794 | D:7      | Noticed Crazy Yiuf
  8960 | D:7      | Killed Crazy Yiuf
  8980 | D:7      | Got a dazzling mace
  8981 | D:7      | Identified the cursed +0 mace of Integrity {vorpal, MR+}
                  | (You found it on level 7 of the Dungeon)
  9033 | D:8      | Learned a level 4 spell: Ice Form
  9070 | D:8      | Identified the Handbook of Sinister Rites and Lightness
  9114 | D:8      | Noticed a two-headed ogre
  9131 | D:8      | Killed a two-headed ogre
  9131 | D:8      | Reached skill level 6 in Fighting
  9401 | D:8      | Reached XP level 10. HP: 92/92 MP: 8/19
  9409 | D:8      | Reached skill level 7 in Fighting
  9464 | D:8      | Reached ***** piety under Cheibriados
 10585 | D:9      | Reached skill level 8 in Fighting
 10729 | D:9      | Learned a level 1 spell: Apportation
 10736 | D:9      | Learned a level 6 spell: Simulacrum
 10912 | D:10     | Entered Level 10 of the Dungeon
 10916 | D:10     | Noticed a two-headed ogre
 10922 | D:10     | Killed a two-headed ogre
 11010 | D:10     | Noticed a two-headed ogre
 11020 | D:10     | Killed a two-headed ogre
 11138 | D:10     | Reached XP level 11. HP: 102/104 MP: 21/23
 11242 | D:10     | Reached ****** piety under Cheibriados
 11403 | D:10     | You fall into a shaft and drop 2 floors!
 11415 | D:12     | Reached skill level 9 in Fighting
 11417 | D:12     | Reached skill level 10 in Ice Magic
 11517 | D:12     | Noticed a cyclops
 11571 | D:12     | Found a portal to a secret trove of treasure.
 11759 | D:12     | HP: 6/145 [slime creature (9)]
 11909 | D:12     | Found a roughly hewn altar of Beogh.
 12043 | D:12     | Noticed an unseen horror
 12066 | D:12     | Killed an unseen horror
 12130 | D:12     | Reached skill level 10 in Fighting
 12245 | D:12     | Noticed a cyclops
 12267 | D:12     | Killed a cyclops
 12267 | D:12     | Reached XP level 12. HP: 116/116 MP: 13/25
 12318 | D:10     | Found Nukhlit's Weapon Emporium.
 12630 | D:10     | Found a staircase to the Orcish Mines.
 13047 | D:11     | Found Teohustig's Book Emporium.
 13159 | D:11     | Reached skill level 10 in Spellcasting
 13159 | D:11     | Reached skill level 1 in Necromancy
 13202 | D:11     | Found a sacrificial altar of Ru.
 13284 | D:11     | Found a staircase to the Lair.
 13474 | D:11     | Found Leylyt's Food Shop.
 13607 | D:11     | Noticed a two-headed ogre
 13615 | D:11     | Killed a two-headed ogre
 13884 | D:11     | Found Race's Assorted Antiques.
 14019 | D:11     | Found Jood's Magic Scroll Shop.
 14046 | D:11     | Noticed Erica
 14052 | D:11     | Killed Erica
 14158 | D:11     | Found Xihes's Distillery.
 14180 | D:11     | Bought a potion of curing for 33 gold pieces
 14180 | D:11     | Bought a potion of heal wounds for 55 gold pieces
 14218 | D:11     | Bought a scroll of fear for 42 gold pieces
 14257 | D:11     | Identified a scroll of acquirement
 14258 | D:11     | Acquired the +2 naga barding of Midnight {rN+ Int+7 Dex-4
                  | Stlth+}
 14684 | Lair:1   | Entered Level 1 of the Lair of Beasts
 15020 | Lair:1   | Noticed an eight-headed hydra
 15027 | Lair:1   | Killed an eight-headed hydra
 15029 | Lair:1   | Reached skill level 11 in Fighting
 15536 | Lair:2   | Found a dark tunnel.
 15545 | Volcano  | Entered a volcano
 15836 | Volcano  | Gained mutation: You can use your snake-like lower body to
                  | constrict enemies. [Naga growth]
 15836 | Volcano  | Reached XP level 13. HP: 27/127 MP: 18/27
 17066 | Lair:3   | Found a staircase to the Swamp.
 17312 | Lair:3   | Reached skill level 1 in Polearms
 17442 | Lair:3   | Found a runed translucent door.
 17929 | Lair:3   | Noticed an entropy weaver
 17973 | Lair:3   | Killed an entropy weaver
 18024 | Lair:3   | Noticed an entropy weaver
 18029 | Lair:3   | Killed an entropy weaver
 18040 | Lair:3   | Reached skill level 5 in Dodging
 18040 | Lair:3   | Reached skill level 5 in Necromancy
 18141 | Lair:3   | Noticed an entropy weaver
 18154 | Lair:3   | Killed an entropy weaver
 19198 | Lair:4   | Found a staircase to the Snake Pit.
 19245 | Lair:4   | Reached skill level 1 in Armour
 19601 | Lair:5   | Reached skill level 12 in Fighting
 19678 | Lair:5   | Reached XP level 14. HP: 138/138 MP: 29/29
 19996 | Lair:5   | Found a staircase to the Slime Pits.
 20212 | Lair:6   | Entered Level 6 of the Lair of Beasts
 20679 | Lair:6   | Noticed Rupert
 20709 | Lair:6   | Killed Rupert
 20869 | Lair:6   | Reached skill level 5 in Polearms
 21358 | Lair:6   | Noticed a dire elephant
 21358 | Lair:6   | Noticed a dire elephant
 21364 | Lair:6   | Killed a dire elephant
 21367 | Lair:6   | Killed a dire elephant
 21406 | Lair:6   | Noticed a dire elephant
 21414 | Lair:6   | Killed a dire elephant
 21488 | Lair:6   | Noticed a dire elephant
 21497 | Lair:6   | Killed a dire elephant
 21719 | Snake:1  | Entered Level 1 of the Snake Pit
 22141 | Snake:1  | Reached XP level 15. HP: 146/146 MP: 31/31
 22689 | Snake:2  | Noticed Saint Roka
 22697 | Snake:2  | Reached skill level 13 in Fighting
 22707 | Snake:2  | Killed Saint Roka
 22939 | Snake:2  | Noticed a nagaraja
 22975 | Snake:2  | Reached skill level 5 in Armour
 23150 | Snake:2  | Killed a nagaraja
 23557 | Snake:2  | Found a runed translucent door.
 23559 | Snake:2  | Noticed Cogidis's ghost (adept TrFi)
 24635 | Snake:3  | Noticed a nagaraja
 24645 | Snake:3  | Killed a nagaraja
 25363 | Snake:4  | Entered Level 4 of the Snake Pit
 25398 | Snake:4  | Reached skill level 10 in Stealth
 25528 | Snake:4  | Found Hiozevit's Jewellery Shop.
 25572 | Snake:4  | Learned a level 7 spell: Summon Hydra
 25614 | Snake:4  | Reached XP level 16. HP: 158/158 MP: 19/33
 25696 | Snake:4  | Found Woc Loc's Food Emporium.
 25942 | Snake:4  | Found Oqamihish's General Store.
 25943 | Snake:4  | Noticed a nagaraja
 25950 | Snake:4  | Killed a nagaraja
 25950 | Snake:4  | Reached skill level 14 in Fighting
 25996 | Snake:4  | Reached skill level 5 in Summonings
 26020 | Snake:4  | Noticed a nagaraja
 26026 | Snake:4  | Killed a nagaraja
 26161 | Snake:4  | Found Jonati's Assorted Antiques.
 26194 | Snake:4  | Found a snail-covered altar of Cheibriados.
 26599 | Snake:4  | Found a runed translucent gate.
 26600 | Snake:4  | Found a runed translucent gate.
 26611 | Snake:4  | Found a runed translucent gate.
 26612 | Snake:4  | Noticed sirjames's ghost (adept GnWz)
 26613 | Snake:4  | Noticed Toogi's ghost (adept TeBe)
 26834 | Snake:4  | Found Texose's Magic Scroll Shoppe.
 26853 | Snake:4  | Noticed a nagaraja
 26865 | Snake:4  | Killed a nagaraja
 27461 | Snake:4  | Noticed a nagaraja
 27467 | Snake:4  | Noticed a nagaraja
 27469 | Snake:4  | Noticed a nagaraja
 27473 | Snake:4  | Killed a nagaraja
 27477 | Snake:4  | Killed a nagaraja
 27482 | Snake:4  | Killed a nagaraja
 27619 | Snake:4  | Noticed a nagaraja
 27627 | Snake:4  | Killed a nagaraja
 27768 | Snake:4  | Got a serpentine rune of Zot
 27941 | Swamp:1  | Entered Level 1 of the Swamp
 27996 | Swamp:1  | Reached skill level 15 in Fighting
 28176 | D:11     | Bought a book of Clouds for 540 gold pieces
 28183 | D:11     | Learned a level 6 spell: Freezing Cloud
 28311 | Swamp:1  | Reached XP level 17. HP: 170/170 MP: 27/35
 28485 | Swamp:1  | Found the +4 Cigotuvi's embrace {rRot *Drain rN+}
 28910 | Swamp:2  | Found a transporter.
 29132 | Swamp:2  | Noticed Jorgrun
 29371 | Swamp:2  | Noticed Kirke
 29393 | Swamp:2  | Killed Kirke
 29571 | Swamp:2  | Found a transporter.
 29879 | Swamp:2  | Killed Jorgrun
 30337 | Swamp:3  | HP: 9/185 [swamp worm/harpoon shot (14)]
 30340 | Swamp:3  | HP: 4/185 [alligator (24)]
 30529 | Swamp:3  | Reached skill level 1 in Air Magic
 31107 | Snake:4  | Bought a twisted robe for 199 gold pieces
 31117 | Snake:4  | Identified the +2 robe of Subjectivity {rElec rPois Slay-3}
                  | (You bought it in a shop on level 4 of the Snake Pit)
 31669 | Swamp:3  | Found an ancient bone altar of Kikubaaqudgha.
 32086 | Swamp:4  | Entered Level 4 of the Swamp
 33599 | Swamp:4  | HP: 8/185 [seven-headed hydra simulacrum (24)]
 33599 | Swamp:4  | Slain by a seven-headed hydra simulacrum

Illustrated notes

Levels and vault maps discovered:
D:1:      shiori_arrival_whats_in_store_for_you, layout_loops_ring,
          minmay_unequal
D:2:      minmay_evil_eye, layout_loops_corners,
          gammafunk_temple_overflow_elements, kennysheep_generic_room_5
D:3:      layout_loops_corners, lemuel_doored_altar, first_ration
D:4:      kennysheep_goblin_castle, layout_loops_ring,
          minmay_temple_entry_offerings, grunt_dithmenos_smoke_and_mirrors
D:5:      layout_cave_pods, cheibrodos_sewer_entry_sluice
D:6:      layout_rooms, basic_altar, kennysheep_another_room,
          serial_bayou_ford_a, uniq_edmund
D:7:      layout_rooms, minitemple, uniq_crazy_yiuf_cottage, uniq_prince_ribbit1
D:8:      layout_basic, hangedman_decor_clover_reticule, david_nohive_1
D:9:      layout_rooms
D:10:     layout_basic, orc_0_dummy, serial_shops,
          nicolae_shop_competitors_out_of_business, item_on_display_a
D:11:     layout_grid_maze, david_lair_shrubbed, serial_shops, shop,
          nicolae_shop_crystal, shop_fountains,
          nicolae_shop_competitors_out_of_business, nicolae_shop_waterfront,
          kennysheep_decorative_pillar, hangedman_ru_absence, uniq_erica
D:12:     layout_roguey [special_room_orc], portal_ice_cave_rime,
          nicolae_trove_entry_path_of_doom
Temple:   nicolae_temple_elliptical
Lair:1:   layout_regular_city
Lair:2:   layout_chaotic_city, nicolae_volcano_entry_lava_flow,
          lemuel_fruit_tree, lemuel_fruit_fields
Lair:3:   gammafunk_mikee_crab_dinner, layout_regular_city,
          minmay_swamp_entry_reptiles, beast_lair_carwin_1, grunt_megastairs_2
Lair:4:   layout_regular_city, minmay_snake_entry_guardpost_small,
          chequers_serial_rivers_micro_b, st_stairs_13
Lair:5:   layout_misc_corridors, minmay_slime_entry_oklob_enclosed,
          beast_lair_carwin_11
Lair:6:   due_jungle_book, layout_gridlike, chequers_serial_rivers_small_b,
          grunt_megastairs_5, uniq_rupert
Swamp:1:  layout_basic_swamp, serial_swamp_ruin, hangedman_swamp_ruin_hall,
          evilmike_swamp_ruin_house_6, evilmike_swamp_ruin_house_4
Swamp:2:  gammafunk_worm_tunnel, layout_basic_swamp,
          nicolae_swamp_feature_on_the_river_bank, uniq_jorgrun, uniq_kirke
Swamp:3:  layout_basic_swamp, basic_altar, swamp_pool2
Swamp:4:  byrel_swamp_growth_death_and_undeath, layout_basic_swamp,
          roderic_carrion_pond
Snake:1:  layout_concentric_octagons, st_stairs_4
Snake:2:  layout_cave_town, ebering_ghost_reflecting_pool, drop_trap,
          hangedman_snake_pattern, uniq_saint_roka
Snake:3:  layout_chambers
Snake:4:  grunt_snake_rune_pools, layout_onion, serial_shops, shop, shop,
          shop_statue, shop, shop, gammafunk_ghost_cemetery, basic_altar

Skill      XL: |  1  2  3  4  5  6  7  8  9 10 11 12 13 14 15 16 17 |
---------------+----------------------------------------------------+-----
Fighting       | 1 2 3 4 5 6 8 10 11 12 13 15 | 15.5
Stealth        | 4 5 6 10 | 10.0
Spellcasting   | 3 4 5 6 8 9 10 11 12 13 14 | 14.5
Ice Magic      | 5 6 8 9 11 12 13 14 | 14.3
Summonings     | 2 3 4 7 9 |  9.2
Invocations    | 2 4 |  4.0
Necromancy     | 4 5 6 |  6.0
Dodging        | 3 5 6 |  6.3
Polearms       | 3 5 |  5.0
Armour         | 1 4 5 6 |  6.3
Air Magic      | 3 |  3.3

Action                   |  1- 3 |  4- 6 |  7- 9 | 10-12 | 13-15 | 16-18 || total
-------------------------+-------+-------+-------+-------+-------+-------++-------
Melee: Unarmed           |     8 |    14 |     2 |   121 |       |       ||   145
       Quarterstaff      |       |       |   159 |       |       |       ||   159
       Mace              |       |       |    23 |    93 |       |       ||   116
       Battleaxe         |       |       |       |    31 |       |       ||    31
       Glaive            |       |       |       |       |   411 |   418 ||   829
       Constrict         |       |       |       |       |    87 |    90 ||   177
Throw: Throwing net      |       |       |       |       |     2 |       ||     2
 Cast: Freeze            |    49 |    95 |    95 |   154 |    16 |     2 ||   411
       Frozen Ramparts   |       |     4 |    17 |    44 |    46 |    21 ||   132
       Ozocubu's Armour  |       |       |     2 |     1 |    34 |    44 ||    81
       Summon Ice Beast  |       |       |    17 |    64 |   122 |   137 ||   340
       Ice Form          |       |       |     2 |    19 |       |       ||    21
       Simulacrum        |       |       |       |       |     1 |       ||     1
       Summon Hydra      |       |       |       |       |       |    25 ||    25
       Freezing Cloud    |       |       |       |       |       |     3 ||     3
  Use: Scroll            |       |     5 |     3 |     8 |     5 |    19 ||    40
       Potion            |       |       |       |     4 |     1 |     5 ||    10
 Stab: Sleeping          |       |     2 |     4 |     4 |    32 |     7 ||    49
       Distracted        |       |       |     3 |     5 |    12 |     8 ||    28
       Held in net/web   |       |       |       |       |     1 |       ||     1
  Eat: Chunk             |     2 |     6 |    14 |    13 |    19 |     5 ||    59
       Ration            |       |       |       |       |     1 |     4 ||     5
Armor: Robe              |     6 |    19 |    12 |       |       |       ||    37
       Animal skin       |       |       |    95 |   122 |   362 |   275 ||   854
       Skin              |       |       |     1 |    45 |       |       ||    46
       Leather armour    |       |       |       |       |       |   446 ||   446
Dodge: Dodged            |    33 |    49 |   198 |   318 |   379 |   508 ||  1485
